 Dungeon Crawl Stone Soup version 0.28.0-53-g5a82cb258f (webtiles) character file.

Game seed: 5159095615752125124

14539 Peloso the Carver (level 11, -1/101 HPs)
             Began as a Minotaur Fighter on July 17, 2022.
             Was a High Priest of Okawaru.
             Slain by an ettin
             ... wielding a +0 great mace
              (10 damage)
             ... on level 11 of the Dungeon.
             The game lasted 00:25:54 (13339 turns).

Peloso the Carver (Minotaur Fighter)               Turns: 13339, Time: 00:25:56

Health: -1/101     AC: 24    Str: 24    XL:     11   Next: 90%
Magic:  8/10       EV: 10    Int:  5    God:    Okawaru [*****.]
Gold:   586        SH: 14    Dex: 11    Spells: 10/10 levels left

rFire   . . .      SeeInvis .   a - +4 scimitar
rCold   . . .      Faith    .   e - +2 kite shield
rNeg    . . .      Spirit   .   E - +2 plate armour {rPois}
rPois   +          Reflect  .   (helmet restricted)
rElec   .          Harm     .   J - +0 cloak
rCorr   .          Rampage  .   (no gloves)
Will    .....                   l - +2 pair of boots
Stlth   ..........              (no amulet)
HPRegen 0.26/turn               y - ring of poison resistance
MPRegen 0.12/turn               (no ring)

@: mighty, heroic
A: horns 2, retaliatory headbutt
a: Renounce Religion, Heroism, Finesse, Duel


You were on level 11 of the Dungeon.
You worshipped Okawaru.
Okawaru was extremely pleased with you.
You visited 1 branch of the dungeon, and saw 11 of its levels.
You also visited: Sewer.

You collected 646 gold pieces.
You spent 60 gold pieces at shops.

Inventory:

Hand Weapons
 a - a +4 scimitar (weapon)
 b - a +1 scimitar of venom
Missiles
 N - a throwing net (quivered)
Armour
 c - a +0 buckler
 e - a +2 kite shield (worn)
 l - a +2 pair of boots (worn)
 r - a +3 scale mail
 E - a +2 plate armour of poison resistance (worn)
 J - a +0 cloak (worn)
Jewellery
 j - an amulet of the acrobat
 y - a ring of poison resistance (left hand)
 A - an amulet of faith
 C - a ring of ice
 M - a ring of ice
Wands
 p - a wand of paralysis (26)
 t - a wand of polymorph (18)
 B - a wand of flame (38)
 G - a wand of iceblast (13)
Scrolls
 g - 2 scrolls of blinking
 i - 3 scrolls of teleportation
 n - a scroll of fog
 o - a scroll of silence
 u - a scroll of holy word
 v - a scroll of enchant armour
 w - a scroll of enchant weapon
 x - 2 scrolls of magic mapping
 D - 3 scrolls of amnesia
 H - a scroll of brand weapon {unknown}
 K - 2 scrolls of noise {unknown}
Potions
 d - 2 potions of might
 f - a potion of curing
 h - a potion of resistance
 k - 2 potions of mutation
 m - 2 potions of flight
 q - 4 potions of haste
 s - 3 potions of brilliance
 z - a potion of ambrosia
 F - 2 potions of invisibility
 L - 2 potions of cancellation
Miscellaneous
 I - a phial of floods


   Skills:
 + Level 10.5(15.5) Fighting
 + Level 13.8(18.8) Long Blades
 + Level 11.2(16.2) Armour
 + Level 5.2(10.2) Dodging
 + Level 4.9(9.9) Stealth
 + Level 8.3(13.3) Shields
 + Level 1.1 Invocations
 + Level 1.7 Evocations


You had 10 spell levels left.
You didn't know any spells.
Your spell library contained the following spells:

 Spells                   Type           Power      Damage    Failure   Level
 Sandblast                Erth           0%         2d4       100%        1
 Passwall                 Tmut/Erth      0%         N/A       100%        2
 Stone Arrow              Conj/Erth      0%         3d7       100%        3


Dungeon Overview and Level Annotations

Branches:
Dungeon (11/15)            Temple (0/1) D:7             Orc (0/2) D:9
  Sewer (visited)
   Lair: D:8-11

Altars:
Fedhas
Gozag
Nemelex Xobeh
Okawaru
Ru
Trog
Uskayaw
Vehumet
Zin

Shops:
D:8 ?   D:11 *

Annotations:
D:3 2 transporters
D:4 2 transporters, Dadi's ghost, amateur GrFi
D:7 2 transporters, cada's ghost, novice DgFi


Innate Abilities, Weirdness & Mutations

You have a pair of horns on your head.
You reflexively headbutt those who attack you in melee.


Message History

Reactivating autopickup.
You slice the shadow!!
You destroy the shadow!
Okawaru accepts your kill. Okawaru grants you armour!
Something appears at your feet!
You see here the +1 robe "Miwkol" {Harm Int+3}.
You see here the +1 robe "Miwkol" {Harm Int+3}.
An ettin is nearby!
You gain the combat prowess of a mighty hero.
You feel very mighty all of a sudden. You block the ettin's attack.
The ettin hits you with a +0 dire flail!!
You hit the ettin.
The ettin is lightly wounded.
The ettin hits you with a +0 great mace!
The ettin hits you with a +0 dire flail!
You hit the ettin.
The ettin is lightly wounded.
You slice the ettin!!
The ettin is heavily wounded.
The ettin closely misses you.
The ettin hits you with a +0 dire flail!!
* * * LOW HITPOINT WARNING * * *
You hit the ettin but do no damage.
The ettin is heavily wounded.
The ettin hits you with a +0 great mace!!
* * * LOW HITPOINT WARNING * * *
You block the ettin's attack.
You completely miss the ettin. You headbutt the ettin!
The ettin is heavily wounded.
The ettin barely misses you. You furiously retaliate!
You headbutt the ettin. The ettin misses you.
You slash the ettin!
The ettin is almost dead.
You block the two-headed ogre's attack.
The two-headed ogre hits you but does no damage.
You block the ettin's attack.
The ettin hits you with a +0 dire flail!
You die...

#...# ##.O.# ≈≈.# ..Z..# ≈≈.#
##### ## ### .o####
≈≈W###...##.######.# #.# ≈≈.
#....#.........# #.# ≈.
##..............# .o#### .♣
#.......######..#
.....###.###...O....### ##.######
..#..o.W[......C@[....####.......
.####.##.##......................
## #....###...##..####.........#
##.###..... ##..# ####......# ..
..... ##.# #..###.# .######. ..
.[..# #.. ## # #.. .....# ...
.#####... ### #.#..


You could see an ettin and a two-headed ogre.

Vanquished Creatures
  A fire dragon (D:11)
  3 boulder beetles
  A centaur warrior (D:8)
  4 two-headed ogres
  A cyclops (D:11)
  Joseph (D:7)
  A gargoyle (D:5)
  2 kobold demonologists (D:10)
  2 trolls
  Sigmund (D:3)
  A shadow (D:11)
  A centaur simulacrum (D:11)
  A wraith (D:9)
  8 yaks (D:9)
  A wyvern (D:11)
  5 steam dragons
  4 water moccasins (D:7)
  2 acid dragons (D:11)
  Duvessa (D:5)
  7 orc warriors
  2 black bears
  A sky beast (D:7)
  A necrophage (D:6)
  2 centaurs
  A gnoll sergeant (D:9)
  7 kobold brigands
  A scorpion (D:4)
  Dowan (D:5)
  2 wyvern skeletons
  10 wights
  5 howler monkeys
  A bullfrog zombie (D:7)
  A hound (D:5)
  4 centaur zombies
  A centaur skeleton (D:6)
  3 orc priests
  A gnoll shaman (D:10)
  4 iguanas
  Natasha (D:2)
  5 orc wizards
  A hound zombie (D:5)
  A hound skeleton (D:4)
  A howler monkey zombie (D:10)
  12 gnolls
  A howler monkey skeleton (D:7)
  12 adders
  7 river rats
  2 shadow imps (D:8)
  3 white imps
  An adder skeleton (D:4)
  2 worms
  A dart slug (D:1)
  27 orcs
  12 ball pythons
  8 bats
  5 endoplasms
  8 giant cockroaches
  4 goblins
  6 hobgoblins
  7 quokkas
  2 frilled lizards
  37 kobolds
  26 rats
288 creatures vanquished.

Vanquished Creatures (others)
  A jelly (D:6)
  10 plants
11 creatures vanquished.

Grand Total: 299 creatures vanquished

Notes
Turn   | Place    | Note
-------+----------+-------------------------------------------
     0 | D:1      | Peloso the Minotaur Fighter began the quest for the Orb.
     0 | D:1      | Reached XP level 1. HP: 19/19 MP: 0/0
   269 | D:1      | Reached XP level 2. HP: 27/27 MP: 1/1
   423 | D:1      | Reached skill level 3 in Long Blades
   758 | D:1      | Reached XP level 3. HP: 33/33 MP: 2/2
   940 | D:2      | You fall into a shaft and drop 1 floor!
  1052 | D:3      | Reached XP level 4. HP: 41/41 MP: 3/3
  1330 | D:2      | Reached skill level 4 in Long Blades
  1445 | D:2      | Found a blossoming altar of Fedhas.
  1558 | D:2      | Noticed Natasha
  1570 | D:2      | Killed Natasha
  1571 | D:2      | Reached XP level 5. HP: 24/47 MP: 4/4
  1896 | D:4      | Reached skill level 1 in Dodging
  1905 | D:4      | Reached skill level 5 in Long Blades
  1905 | D:4      | Reached skill level 5 in Armour
  1905 | D:4      | Reached XP level 6. HP: 6/47 MP: 5/5
  1942 | D:4      | HP: 1/47 [scorpion (7)]
  1956 | D:4      | Found an opulent altar of Gozag.
  1995 | D:4      | Found a transporter.
  2128 | D:4      | Found a glowing drain.
  2132 | Sewer    | Entered a sewer
  2335 | Sewer    | Reached skill level 5 in Fighting
  2673 | Sewer    | Reached skill level 6 in Long Blades
  2879 | Sewer    | Reached XP level 7. HP: 40/61 MP: 6/6
  3309 | D:4      | Found a hide-covered altar of Uskayaw.
  3313 | D:4      | Found a sacrificial altar of Ru.
  3315 | D:4      | Found a radiant altar of Vehumet.
  3441 | D:3      | Noticed Sigmund
  3467 | D:3      | Killed Sigmund
  3664 | D:3      | Found a transporter.
  3695 | D:3      | Noticed a kobold demonologist
  3712 | D:3      | Found a transporter.
  4303 | D:4      | Noticed Dadi's ghost (amateur GrFi)
  4453 | D:4      | Found a transporter.
  4816 | D:5      | Entered Level 5 of the Dungeon
  4829 | D:5      | Noticed Duvessa
  4858 | D:5      | Noticed Dowan
  4876 | D:5      | Killed Dowan
  5143 | D:5      | Reached skill level 7 in Long Blades
  5143 | D:5      | Reached skill level 5 in Shields
  5213 | D:5      | Reached XP level 8. HP: 70/70 MP: 7/7
  5222 | D:5      | Reached skill level 1 in Stealth
  5321 | D:5      | Killed Duvessa
  5437 | D:5      | Noticed a gargoyle
  5446 | D:5      | Killed a gargoyle
  5447 | D:5      | Reached skill level 8 in Long Blades
  5770 | D:6      | Found an iron altar of Okawaru.
  5780 | D:6      | Became a worshipper of Warmaster Okawaru
  6048 | D:6      | Reached XP level 9. HP: 71/78 MP: 8/8
  6049 | D:6      | Reached * piety under Okawaru
  6050 | D:6      | Reached skill level 9 in Long Blades
  6380 | D:7      | Noticed a moth of wrath
  6946 | D:7      | Reached skill level 10 in Long Blades
  7080 | D:7      | Noticed a two-headed ogre
  7080 | D:7      | Noticed cada's ghost (novice DgFi)
  7083 | D:7      | Found a bloodstained altar of Trog.
  7086 | D:7      | Found a transporter.
  7089 | D:7      | Found a transporter.
  7141 | D:7      | Found a staircase to the Ecumenical Temple.
  7351 | D:7      | Reached ** piety under Okawaru
  7484 | D:7      | Noticed Joseph
  7490 | D:7      | Killed Joseph
  7491 | D:7      | Reached skill level 1 in Evocations
  7748 | D:8      | Noticed a centaur warrior
  8088 | D:8      | Found Buwkal's Magic Scroll Emporium.
  8099 | D:8      | Killed a centaur warrior
  8099 | D:8      | Reached *** piety under Okawaru
  8100 | D:8      | Reached XP level 10. HP: 88/88 MP: 9/9
  8109 | D:8      | Bought a scroll of identify for 24 gold pieces
  8237 | D:8      | Noticed a boulder beetle
  8250 | D:8      | Killed a boulder beetle
  8279 | D:8      | Reached skill level 11 in Long Blades
  8463 | D:8      | Found a sparkling altar of Nemelex Xobeh.
  9397 | D:9      | Reached **** piety under Okawaru
  9411 | D:9      | Reached skill level 5 in Dodging
  9609 | D:9      | Reached skill level 12 in Long Blades
  9649 | D:9      | Reached ***** piety under Okawaru
 10360 | D:9      | Reached XP level 11. HP: 68/95 MP: 10/10
 10493 | D:9      | Found a staircase to the Orcish Mines.
 10718 | D:10     | Entered Level 10 of the Dungeon
 10861 | D:10     | Noticed a two-headed ogre
 10872 | D:10     | Killed a two-headed ogre
 10873 | D:10     | Reached skill level 10 in Armour
 11044 | D:10     | Received a gift from Okawaru
 11143 | D:10     | Found a glowing silver altar of Zin.
 11143 | D:10     | Noticed an angel
 11246 | D:11     | Noticed a boulder beetle
 11255 | D:11     | Killed a boulder beetle
 11529 | D:11     | Noticed a boulder beetle
 11539 | D:11     | Killed a boulder beetle
 11540 | D:11     | Reached skill level 13 in Long Blades
 11585 | D:11     | Reached skill level 10 in Fighting
 11928 | D:11     | Noticed a two-headed ogre
 11936 | D:11     | Killed a two-headed ogre
 11938 | D:11     | Noticed a two-headed ogre
 12359 | D:11     | Noticed a fire dragon
 12359 | D:11     | Noticed an ettin
 12359 | D:11     | Noticed a boulder beetle
 12359 | D:11     | Noticed a red ugly thing
 12360 | D:11     | Noticed a death knight
 12360 | D:11     | Noticed a stone giant
 12657 | D:11     | Noticed a two-headed ogre
 12657 | D:11     | Noticed a two-headed ogre
 12671 | D:11     | Killed a two-headed ogre
 12675 | D:11     | Killed a two-headed ogre
 12676 | D:11     | Reached skill level 1 in Invocations
 12914 | D:11     | Found Nawo's General Store.
 12928 | D:11     | Bought a scroll of fog for 36 gold pieces
 13087 | D:11     | Killed a fire dragon
 13175 | D:11     | Identified the +1 robe "Miwkol" {Harm Int+3} (Okawaru
                  | gifted it to you on level 11 of the Dungeon)
 13175 | D:11     | Received a gift from Okawaru
 13339 | D:11     | Slain by an ettin

Illustrated notes

Levels and vault maps discovered:
D:1:      lightli_arrival_chessboard, layout_basic
D:2:      layout_rooms, basic_altar, uniq_natasha
D:3:      gammafunk_wand_slinger, layout_loops_ring,
          chequers_serial_rivers_small_b, minmay_misc_feat_four_crosses,
          corexii_leaking_fountain, serial_bayou_pond_a, uniq_sigmund
D:4:      layout_layer_cave, nicolae_gozag_seed_capital, kennysheep_mini,
          chequers_temple_overflow_statue_of_worship, gup_sewer_entry_spiral,
          gammafunk_ghost_stat_death
D:5:      layout_basic, uniq_duvessa
D:6:      layout_loops_ring, nicolae_overflow_crystal_walls
D:7:      layout_basic, minmay_temple_entry_proselytizer,
          gammafunk_ghost_wrathful_warriors, uniq_joseph
D:8:      layout_basic, mainiacjoe_overflow_catwalk, serial_shops,
          nicolae_shop_hallway_plus
D:9:      minmay_angry_zag, layout_rooms
D:10:     layout_basic, zin_angel
D:11:     nzn_winding_woodlands_stair_trap
          [nzn_winding_woodlands_5x15_river_crossing,
          nzn_winding_woodlands_5x15_jagged, nzn_winding_woodlands_5x15_parted,
          nzn_winding_woodlands_15x15_killbox,
          nzn_winding_woodlands_5x15_lazy_stream,
          nzn_winding_woodlands_5x15_split_checker,
          nzn_winding_woodlands_5x15_eye], layout_layer_cave, lair_entry_dummy,
          serial_shops, shop

Skill      XL: |  1  2  3  4  5  6  7  8  9 10 11 |
---------------+----------------------------------+-----
Shields        | 4 5 6 7 8 |  8.3
Fighting       | 4 5 6 8 10 | 10.5
Long Blades    | 3 4 5 6 7 8 10 12 13 | 13.8
Armour         | 4 5 6 7 8 9 11 | 11.2
Dodging        | 1 2 3 4 5 |  5.2
Stealth        | 3 4 |  4.9
Evocations     | 1 |  1.7
Invocations    | 1 |  1.1

Action                   |  1- 3 |  4- 6 |  7- 9 | 10-12 || total
-------------------------+-------+-------+-------+-------++-------
Melee: Long sword        |    53 |   203 |   234 |    48 ||   538
       Headbutt          |     8 |    28 |    45 |    67 ||   148
       Scimitar          |       |       |       |   302 ||   302
Invok: Heroism           |       |       |       |     8 ||     8
Evoke: Wand              |       |       |    12 |     3 ||    15
  Use: Scroll            |       |     7 |     9 |    10 ||    26
       Potion            |       |     1 |     1 |     2 ||     4
 Stab: Paralysed         |       |       |    11 |    11 ||    22
Armor: Scale mail        |    20 |   112 |   120 |    15 ||   267
       Plate armour      |       |       |       |   147 ||   147
Dodge: Dodged            |    20 |    92 |   103 |   119 ||   334
Block: Buckler           |    10 |    56 |    49 |    76 ||   191
       Kite shield       |       |       |       |    55 ||    55
